 Dungeon Crawl Stone Soup version 0.30-a0-42-g806c11bf1d (webtiles) character file.

Game seed: 12830290971794523073

303 fozzywoppz the Sneak (level 6, -1/38 HPs)
             Began as a Gargoyle Monk on Aug 31, 2022.
             Was a Believer of Okawaru.
             Slain by a wight
             ... wielding a +5 great sword of freezing
              (17 damage)
             ... on level 4 of the Dungeon.
             The game lasted 00:07:57 (5098 turns).

fozzywoppz the Sneak (Gargoyle Monk)                Turns: 5098, Time: 00:07:58

Health: -1/38      AC: 10    Str: 15    XL:     6   Next: 38%
Magic:  6/6        EV: 12    Int: 10    God:    Okawaru [**....]
Gold:   240        SH:  4    Dex: 14    Spells: 5/5 levels left

rFire   . . .      SeeInvis .      - Unarmed
rCold   . . .      Faith    .    m - +0 buckler
rNeg    + . .      Spirit   .    a - +0 robe
rPois   ∞          Reflect  .    (no helmet)
rElec   +          Harm     .    d - +0 cloak
rCorr   .          Rampage  .    n - +2 pair of gloves
Will    .....                    (no boots)
Stlth   +++.......               (no amulet)
HPRegen 0.12/turn                (no ring)
MPRegen 0.10/turn                (no ring)

@: no status effects
A: sickness immunity, AC +4, negative energy resistance 1, electricity
resistance, torment resistance 1, petrification resistance
a: Renounce Religion, Heroism


You were on level 4 of the Dungeon.
You worshipped Okawaru.
Okawaru was pleased with you.
You visited 2 branches of the dungeon, and saw 5 of its levels.

You collected 240 gold pieces.

Inventory:

Hand Weapons
 g - a +2 quarterstaff of chaos
 i - a +1 dagger of speed
 k - a +1 dagger of venom
Missiles
 h - 4 boomerangs (quivered)
 s - 9 poisoned darts
Armour
 a - a +0 robe (worn)
 d - a +0 cloak (worn)
 m - a +0 buckler (worn)
 n - a +2 pair of gloves (worn)
Scrolls
 f - a scroll of vulnerability
 p - a scroll of noise {unknown}
 r - 2 scrolls of identify {unknown}
 u - a scroll of fear {unknown}
Potions
 b - a potion of berserk rage {unknown}
 c - a potion of brilliance {unknown}
 j - 2 potions of curing
 l - a potion of degeneration {unknown}
 o - a potion of heal wounds
 q - a potion of cancellation {unknown}
 t - 2 potions of mutation {unknown}


   Skills:
 - Level 4.0 Fighting
 - Level 3.0 Dodging
 + Level 4.8 Stealth
 - Level 2.1 Shields
 + Level 4.5 Unarmed Combat


You had 5 spell levels left.
You didn't know any spells.
Your spell library contained the following spells:

 Spells                   Type           Power      Damage    Failure   Level
 Magic Dart               Conj           0%         1d3       45%         1
 Necrotise                Necr           0%         1d4       45%         1
 Slow                     Hex            0%         N/A       45%         1
 Sting                    Tmut/Pois      0%         1d3       45%         1
 Confusing Touch          Hex            0%         N/A       83%         3
 Mephitic Cloud           Conj/Pois/Air  0%         N/A       83%         3
 Portal Projectile        Hex/Tloc       0%         N/A       83%         3
 Vampiric Draining        Necr           0%         2d6       83%         3
 Agony                    Necr           0%         N/A       100%        5
 Blade Hands              Tmut           0%         N/A       100%        5
 Summon Small Mammal      Summ           Unusable   N/A       N/A         1
 Call Imp                 Summ           Unusable   N/A       N/A         2
 Call Canine Familiar     Summ           Unusable   N/A       N/A         3
 Summon Guardian Golem    Hex/Summ       Unusable   N/A       N/A         3
 Tukima's Dance           Hex            Unusable   N/A       N/A         3

Dungeon Overview and Level Annotations

Branches:
Dungeon (4/15)             Temple (1/1) D:4

Altars:
Cheibriados
Dithmenos
Elyvilon
Gozag
Kikubaaqudgha
Nemelex Xobeh
Okawaru
Qazlal
Ru
Trog
Uskayaw
Vehumet
Wu Jian
Yredelemnul
Zin

Shops:
D:3 [


Innate Abilities, Weirdness & Mutations

You are immune to sickness and miasma.
Your stone body is resilient. (AC +4)
You are immune to poison.
You resist negative energy. (rN+)
You are resistant to electric shocks. (rElec)
You are resistant to unholy torment.
You are immune to petrification.


Message History

* * * LOW HITPOINT WARNING * * *
Unknown command.
You are too confused!
It was a potion of curing.
You feel better. The wight misses you. The wight barely misses you.
It was a potion of heal wounds.
You feel much better. The wight hits you but does no damage.
You block the wight's attack.
You hit the wight but do no damage.
The wight is moderately damaged.
The wight closely misses you. x2
You hit the wight.
The wight is heavily damaged.
You hit the wight.
The wight is severely damaged.
The wight misses you. The wight hits you but does no damage.
You hit the wight but do no damage.
The wight is severely damaged.
The wight closely misses you. x2; The kobold hits you but does no damage.
You hit the wight but do no damage.
The wight is severely damaged.
The wight hits you with a +0 falchion.
The wight hits you with a +5 great sword of freezing.
The wight freezes you. The kobold closely misses you.
You hit the wight.
The wight is severely damaged.
The wight hits you with a +0 falchion. The wight misses you.
The kobold closely misses you.
You barely miss the wight.
The wight is severely damaged.
The wight barely misses you.
The wight hits you with a +5 great sword of freezing.
The wight freezes you. The kobold barely misses you.
The wight attacks as you move away!
The wight hits you with a +5 great sword of freezing.
The wight freezes you. The wight attacks as you move away!
The wight barely misses you.
You barely miss the wight.
The wight is severely damaged.
The wight hits you with a +5 great sword of freezing!
You die...

##....#..~...~#........##
##
#...##.......#.........##
##...#.......#..........##
###.#.......#...........#
#.....................# .#
###########...........##
..## #.........>........##.
...###...............#.....
#..#.....@..............##
#......zzK....##....####
##..........######...##
#.........### #....#
##.#........## ##...#
#...........# #...##
...........## ##...#
............... #...##
................ ##...#


You could see 2 wights and a kobold.

Vanquished Creatures
  A scorpion (D:4)
  A jelly (D:4)
  Crazy Yiuf (D:3)
  An iguana (D:4)
  6 gnolls (D:3)
  4 adders
  2 orcs (D:3)
  5 bats
  3 endoplasms (D:1)
  4 giant cockroaches
  5 goblins
  11 hobgoblins
  3 quokkas
  6 ball pythons
  A frilled lizard (D:1)
  5 kobolds
  2 rats
61 creatures vanquished.

Vanquished Creatures (others)
  A kobold (D:3)
  2 fungi (D:3)
  2 plants (D:3)
5 creatures vanquished.

Grand Total: 66 creatures vanquished

Notes
Turn   | Place    | Note
-------+----------+-------------------------------------------
     0 | D:1      | fozzywoppz the Gargoyle Monk began the quest for the Orb.
     0 | D:1      | Reached XP level 1. HP: 14/14 MP: 1/1
   263 | D:1      | Reached XP level 2. HP: 19/19 MP: 2/2
   961 | D:2      | Reached XP level 3. HP: 22/24 MP: 3/3
  1729 | D:3      | Found an iron altar of Okawaru.
  1740 | D:3      | Reached XP level 4. HP: 24/29 MP: 4/4
  1764 | D:3      | Became a worshipper of Warmaster Okawaru
  1764 | D:3      | Reached * piety under Okawaru
  1764 | D:3      | Reached ** piety under Okawaru
  2073 | D:3      | Found a sacrificial altar of Ru.
  2104 | D:3      | Found Habbuy's Antique Armour Shoppe.
  2183 | D:3      | Found an ancient bone altar of Kikubaaqudgha.
  2440 | D:3      | Found a runed translucent door.
  2441 | D:3      | Noticed Crazy Yiuf
  2514 | D:3      | Found a faded altar of an unknown god.
  2522 | D:3      | Got Plato's Papyrus of the Spider
  2727 | D:3      | Reached skill level 1 in Shields
  2727 | D:3      | Reached XP level 5. HP: 8/33 MP: 5/5
  3359 | D:3      | Killed Crazy Yiuf
  3855 | D:4      | Reached XP level 6. HP: 26/38 MP: 6/6
  4292 | D:4      | Found a staircase to the Ecumenical Temple.
  4297 | Temple   | Entered the Ecumenical Temple
  5098 | D:4      | Slain by a wight

Illustrated notes

Levels and vault maps discovered:
D:1:      scummos_arrival_hexagon, layout_rooms
D:2:      layout_loops_ring
D:3:      layout_basic, amcnicky_altar_gilded,
          mainiacjoe_overflow_six_doors_small, okawaru_metal_pillars_1_2,
          serial_shops, nicolae_shop_waterfront,
          shapermc_ecumenical_altar_rom_forum, lemuel_flame_loot_1,
          uniq_crazy_yiuf_cottage
D:4:      layout_cave_pods, minmay_temple_entry_offerings, minmay_goblin_outpost
Temple:   nicolae_temple_slightly_damp_pantheon

Skill      XL: |  1  2  3  4  5 |
---------------+----------------+-----
Stealth        | 3 4 |  4.8
Fighting       | 4 |  4.0
Dodging        | 3 |  3.0
Shields        | 1 2 |  2.1
Unarmed Combat | 4 |  4.5

Action                   |  1- 3 |  4- 6 || total
-------------------------+-------+-------++-------
Melee: Unarmed           |   136 |   241 ||   377
       Punch             |     5 |       ||     5
       Dagger            |     2 |       ||     2
Throw: Boomerang         |       |     4 ||     4
  Use: Potion            |     1 |     3 ||     4
       Scroll            |       |     8 ||     8
 Stab: Sleeping          |     2 |     4 ||     6
Armor: Robe              |    55 |    86 ||   141
Dodge: Dodged            |   105 |   168 ||   273
Block: Buckler           |       |    26 ||    26

Table legend: (Time is in decaauts)
 A = Elapsed time spent in this place.
 B = Non-inter-level travel time spent in this place.
 C = Inter-level travel time spent in this place.
 D = Time resting spent in this place.
 E = Time spent auto-exploring this place.
 F = Levels seen in this place.
 G = Mean time per level.
                   A        B        C        D        E       F      G
               +--------+--------+--------+--------+--------+-----+--------+
         Total |   5081 |   4978 |    103 |    488 |   3507 |   5 | 1016.2 |
       Dungeon |   4643 |   4540 |    103 |    231 |   3451 |   4 | 1160.8 |
        Temple |    437 |    437 |      0 |    257 |     56 |   1 |  437.0 |
               +--------+--------+--------+--------+--------+-----+--------+

Top non-repeatable levels by time:
     D:3: 1835 daAuts
     D:4: 1110 daAuts
     D:2: 923 daAuts
     D:1: 773 daAuts
  Temple: 437 daAuts
